 Dungeon Crawl Stone Soup version 0.22.1 (webtiles) character file.

178 AlolanVulpixel the Poker (level 5, -3/42 HPs)
             Began as a Merfolk Monk on Sept 18, 2018.
             Slain by a gnoll
             ... wielding a +0 whip
              (7 damage)
             ... on level 3 of the Dungeon on Sept 19, 2018.
             The game lasted 00:06:06 (1819 turns).

AlolanVulpixel the Poker (Merfolk Monk)             Turns: 1819, Time: 00:06:07

Health: -3/42      AC:  7    Str: 12    XL:     5   Next: 58%
Magic:  5/5        EV: 11    Int: 10    God:
Gold:   175        SH:  0    Dex: 16    Spells: 4/4 levels left

rFire    . . .     SeeInvis .   a - +0 spear
rCold    . . .     Gourm    .   (no shield)
rNeg     . . .     Faith    .   f - +0 scale mail
rPois    .         Spirit   .   (no helmet)
rElec    .         Reflect  .   b - +0 cloak
rCorr    .         Harm     .   (no gloves)
MR       .....                  (no boots)
Stlth    +.........             (no amulet)
HPRegen  0.14/turn              (no ring)
MPRegen  0.09/turn              (no ring)

@: no status effects
A: change form in water, swift swim, stealthy swim
a: no special abilities


You were on level 3 of the Dungeon.
You were full.

You visited 1 branch of the dungeon, and saw 3 of its levels.

You collected 175 gold pieces.

Inventory:

Hand Weapons
 a - a +0 spear (weapon)
Armour
 b - a +0 cloak (worn)
 f - a +0 scale mail (worn)
Scrolls
 d - 2 scrolls of teleportation
 g - a scroll of remove curse
 i - a scroll of magic mapping
Comestibles
 c - 4 rations


   Skills:
 + Level 4.2 Fighting
 + Level 6.5 Polearms
 + Level 0.7 Armour
 + Level 5.1 Dodging
 + Level 2.7 Stealth


You had 4 spell levels left.
You didn't know any spells.
Your spell library was empty.

Dungeon Overview and Level Annotations

Branches:
Dungeon (3/15)

Altars:
Yredelemnul


Message History

You hit the gnoll.
The gnoll is severely wounded.
The gnoll hits you with a whip.
You hit the gnoll but do no damage.
The gnoll is severely wounded.
The gnoll barely misses you.
Your scale mail prevents you from hitting the gnoll.
The gnoll is severely wounded.
The gnoll hits you with a whip.
* * * LOW HITPOINT WARNING * * *
You closely miss the gnoll.
The gnoll is severely wounded.
The gnoll hits you with a whip.
* * * LOW HITPOINT WARNING * * *
You hit the gnoll.
The gnoll is almost dead.
You eat one of the 5 rations.
That ration really hit the spot!
The gnoll shouts!
The gnoll hits you with a whip!
You die...

#####.# ##...#
#(###....# #.......## #
#####..## # ##....#
######..##.#
.....#.##..#### #######
####...##....[###.....#
***#.####.###.).@.....#
,,...#*#..# ####g.....#
,###..*#.## ##.......##
,* ##.,..* #.........#
** *##..* ##.........#
**** #.)** #..........#
,,,** ##,,**#..........#
,*,,****,...g>.........#
,**,,,,,,......$......##


You could see 2 gnolls.

Vanquished Creatures
  A bullfrog skeleton (D:2)
  Natasha (thrice) (D:3)
  Ijyb (D:3)
  A gnoll (D:3)
  A worm (D:3)
  A dart slug (D:3)
  5 giant cockroaches
  8 goblins
  7 hobgoblins
  2 quokkas (D:2)
  2 bats
  2 frilled lizards
  A kobold (D:2)
  3 rats (D:3)
  A spectral orc (D:2)
39 creatures vanquished.

Notes
Turn   | Place    | Note
-------+----------+-------------------------------------------
     0 | D:1      | AlolanVulpixel the Merfolk Monk began the quest for the
                  | Orb.
     0 | D:1      | Reached XP level 1. HP: 18/18 MP: 1/1
   126 | D:2      | Found a basalt altar of Yredelemnul.
   173 | D:2      | Reached XP level 2. HP: 13/24 MP: 2/2
   428 | D:2      | Reached skill level 5 in Polearms
   428 | D:2      | Reached XP level 3. HP: 11/30 MP: 3/3
  1121 | D:3      | Noticed Natasha
  1130 | D:3      | Killed Natasha
  1130 | D:3      | Reached XP level 4. HP: 17/37 MP: 4/4
  1367 | D:3      | Noticed Natasha
  1380 | D:3      | Killed Natasha
  1380 | D:3      | Reached skill level 6 in Polearms
  1386 | D:3      | Noticed Natasha
  1417 | D:3      | Killed Natasha
  1417 | D:3      | Reached skill level 5 in Dodging
  1417 | D:3      | Reached XP level 5. HP: 26/42 MP: 5/5
  1683 | D:3      | Noticed Ijyb
  1791 | D:3      | Killed Ijyb
  1819 | D:3      | Slain by a gnoll

Skill      XL: |  1  2  3  4 |
---------------+-------------+-----
Polearms       | 5 6 |  6.5
Fighting       | 4 |  4.2
Dodging        | 5 |  5.1
Armour         | |  0.7
Stealth        | |  2.7

Action                   |  1- 3 |  4- 6 || total
-------------------------+-------+-------++-------
Melee: Spear             |    87 |   175 ||   262
  Use: Potion            |       |     3 ||     3
       Scroll            |       |     4 ||     4
 Stab: Sleeping          |     2 |       ||     2
  Eat: Chunk             |       |     1 ||     1
       Ration            |       |     2 ||     2
Armor: Robe              |     6 |       ||     6
       Scale mail        |    12 |    38 ||    50
       Skin              |       |    31 ||    31
Dodge: Dodged            |    30 |    69 ||    99
